[Event "*** Titled Tuesday Blitz"]
[Site "Chess.com"]
[Date "2021.02.09"]
[Round "5"]
[White "esrosenberg"]
[Black "SanchezKelvin"]
[Result "1-0"]
[WhiteElo "2075"]
[BlackElo "2439"]
[TimeControl "180+1"]
[EndTime "10:56:54 PST"]
[Termination "esrosenberg won on time"]

1. Nf3 g6 2. e4 c5 3. c3 Bg7 4. d4 cxd4 5. cxd4 d5 6. exd5 Nf6 7. Bb5+ Nbd7 8. O-O Nxd5 9. Ne5 O-O 10. Bxd7 Bxd7 11. Nc3 Be6 12. Re1 Rc8 13. Ne4 Nb4 14. Bf4 Nc2 15. Nc5 Nxa1 16. Qxa1 Qxd4 17. Nxe6 fxe6 18.
Bg3 Rc2 19. Nf3 Qxb2 20. Qd1 Rfc8 21. Qd7 Qxa2 22. h4 Rc1 23. Rxc1 Rxc1+ 24. Kh2 Qa5 25. Qe8+ Bf8 26. Ne5 1-0

[Event "*** Titled Tuesday Blitz"]
[Site "Chess.com"]
[Date "2021.02.09"]
[Round "5"]
[White "Grammnik"]
[Black "ondoko"]
[Result "1-0"]
[WhiteElo "2415"]
[BlackElo "2227"]
[TimeControl "180+1"]
[EndTime "10:56:54 PST"]
[Termination "Grammnik won on time"]

1. d4 d5 2. Nf3 Nf6 3. c4 e6 4. Nc3 Be7 5. Bg5 h6 6. Bh4 O-O 7. e3 b6 8. Bd3 Bb7 9. O-O Nbd7 10. Rc1 Ne4 11. Bxe7 Qxe7 12. cxd5 exd5 13. a3 c5 14. Ne2 Rfd8 15. Nf4 c4 16. Bb1 Rac8 17. Nd2 Nef6 18. Re1 b5 19. Bf5 a5 20. Nf3 Rc7 21. h3 Nb6 22. Ne5 b4 23. axb4 axb4 24. Qf3 Ne4 25.
Bxe4 dxe4 26. Qh5 Bd5 27. Qg4 Be6 28. Nxe6 Qxe6 29. Qxe4 f6 30. Qg6 c3 31. bxc3 bxc3 32. Ng4 Kf8 33. Rc2 Nd5 34. Rb1 Rdc8 35. Rb5 1-0

[Event "*** Titled Tuesday Blitz"]
[Site "Chess.com"]
[Date "2021.02.09"]
[Round "5"]
[White "nrvisakh"]
[Black "wonderfultime"]
[Result "0-1"]
[WhiteElo "2752"]
[BlackElo "2931"]
[TimeControl "180+1"]
[EndTime "10:56:56 PST"]
[Termination "wonderfultime won by resignation"]

1. c4 c6 2. Nf3 Nf6 3. g3 d5 4. b3 Bg4 5. Bb2 e6 6. Bg2 Nbd7 7. O-O Bd6 8. d3 O-O 9. Nbd2 Qe7 10. a3 a5 11. Re1 h6 12. Qc2 Rfd8 13. e4 dxe4 14. dxe4 e5 15. Nh4 g6 16. h3 Be6 17. Nf5 Qf8 18. Nf3 Bc7 19. Bc1 Bxf5 20. exf5 g5 21. Bb2 Re8 22. Rad1 Rad8 23. Re2 Qc5 24.
Rde1 e4 25. Nd2 Bxg3 26. Nxe4 Nxe4 27. Rxe4 Rxe4 28. Rxe4 Be5 29. b4 axb4 30. axb4 Qd6 31. c5 Qf6 32. Bxe5 Nxe5 33. Qe2 Nd7 34. Qd3 Nxc5 0-1

[Event "*** Titled Tuesday Blitz"]
[Site "Chess.com"]
[Date "2021.02.09"]
[Round "5"]
[White "esteban062000"]
[Black "Shahaliyev"]
[Result "1-0"]
[WhiteElo "2151"]
[BlackElo "2660"]
[TimeControl "180+1"]
[EndTime "10:56:57 PST"]
[Termination "esteban062000 won by resignation"]

1. Nf3 d5 2. c4 Nf6 3. b3 dxc4 4. bxc4 c5 5. g3 Nc6 6. Bg2 g6 7. Bb2 Bg7 8. O-O O-O 9. Nc3 Re8 10. d3 Rb8 11.
Rb1 b6 12. Qa4 Bb7 13. a3 Nd7 14. Nd5 Bxb2 15. Rxb2 e6 16. Nc3 Qe7 17. Qd1 Nde5 18. Qd2 Nxf3+ 19. Bxf3 Nd4 20. Bxb7 Qxb7 21. Qh6 Qa6 22. Ne4 f5 23. Nf6+ Kf7 24. Nxe8 Rxe8 25. Qxh7+ Kf6 26. h4 Qxa3 27. Rfb1 Qa4 28. h5 gxh5 29.
Qh6+ Ke7 30. Qxh5 Rf8 31. Qg5+ Kd6 32. Qf4+ e5 33. Qh6+ Ne6 34. Rxb6+ axb6 35. Rxb6+ Kc7 36. Qxe6 Rd8 37. Rb5 Qa1+ 38. Kg2 Qa8+ 39. f3 Qc6 40.
Qxe5+ Qd6 41. Rxc5+ Kb7 42. Rb5+ Kc7 43. Qxd6+ Rxd6 44.
Rxf5 Re6 45. Kf2 Kd6 46. g4 Ke7 47. g5 Ra6 48. f4 Ra1 49. Kf3 Ke6 50. Re5+ Kf7 51.
Ke4 Kg6 52. e3 Kh5 53. Re6 Re1 54. d4 Ra1 55. d5 Ra4 56. Kd4 Ra1 57. d6 Rd1+ 58.
Ke5 Rc1 59. d7 Rd1 60. Rd6 Rc1 61. d8=Q Rxc4 62. Qh8+ Kg4 63. Qa8 Rc2 64. Qa4 Re2 65.
f5+ Kg3 66. Qf4+ Kg2 67. Qg4+ Kf2 68. Qxe2+ Kxe2 69. g6 1-0

[Event "*** Titled Tuesday Blitz"]
[Site "Chess.com"]
[Date "2021.02.09"]
[Round "5"]
[White "Rsnr"]
[Black "SaqoChess_Twitch"]
[Result "1-0"]
[WhiteElo "2759"]
[BlackElo "2547"]
[TimeControl "180+1"]
[EndTime "10:56:58 PST"]
[Termination "Rsnr won by resignation"]

1. d4 d5 2. c4 e6 3. Nc3 Nf6 4. cxd5 exd5 5. Bg5 c6 6. e3 Qb6 7. Bxf6 Qxb2 8. Qc1 Ba3 9. Nxd5 gxf6 10. Qxb2 Bxb2 11. Rb1 cxd5 12. Rxb2 b6 13. Ne2 Nc6 14. Nf4 Be6 15.
Bb5 Kd7 16. Kd2 Kd6 17. Bxc6 Kxc6 18. Rc1+ Kb7 19. Rbc2 Rac8 20. Rxc8 Rxc8 21. Rxc8 Kxc8 22. Kc3 Kb7 23. h4 f5 24. Nh5 f6 25. Nxf6 h6 26.
f3 a5 27. g4 fxg4 28. fxg4 b5 29. a3 Kc6 30. g5 hxg5 31. hxg5 Bf5 32. Nh5 Kd6 33.
Nf4 Be4 34. g6 Ke7 35. g7 Kf7 36. Ne6 Kg8 37. Nc7 b4+ 38. axb4 axb4+ 39. Kxb4 Kxg7 40. Kc5 Kf6 41. Nxd5+ Ke6 42. Nc3 Bf3 43. e4 Kd7 44. e5 Bg4 45. d5 Bh3 46. Ne4 Bf5 47. Kd4 Bh3 48. Nc5+ Kc7 49. e6 Kd6 50. Ne4+ Ke7 51. Ke5 Bf1 52. d6+ Ke8 53. Nf6+ 1-0

[Event "*** Titled Tuesday Blitz"]
[Site "Chess.com"]
[Date "2021.02.09"]
[Round "5"]
[White "siciliannaga"]
[Black "Rytenko_V"]
[Result "1-0"]
[WhiteElo "2792"]
[BlackElo "2437"]
[TimeControl "180+1"]
[EndTime "10:56:58 PST"]
[Termination "siciliannaga won by resignation"]

1. g3 d5 2. Bg2 c5 3. Nf3 Nc6 4. d4 Bf5 5. O-O e6 6. c4 Nf6 7. Qa4 Qd7 8. cxd5 Nxd5 9. Rd1 Rd8 10. Nc3 Nxd4 11. Qxd7+ Rxd7 12. Nxd4 Nxc3 13. bxc3 cxd4 14. Rxd4 Bc5 15. Rxd7 Kxd7 16. Bxb7 Rb8 17. Ba6 Kc7 18.
Bd3 Bg6 19. Kf1 a5 20. f3 Kc6 21. e4 a4 22. Ke2 a3 23. Rb1 Rxb1 24. Bxb1 f6 25.
Bc2 Bf7 26. Bb3 Kd7 27. Kd3 Be8 28. Kc4 Bg1 29. Ba4+ Ke7 30. Bxe8 Kxe8 31. h3 Bh2 32. g4 Bd6 33. Kb3 Kd7 34. Bxa3 Be5 35. Bf8 g6 36. a4 Kc6 37. Kc4 h5 38. a5 Bc7 39. Bb4 hxg4 40. fxg4 Bb8 41. h4 f5 42. exf5 exf5 43. gxf5 gxf5 44. h5 Bf4 45. Kd4 Bh6 46. Ke5 f4 47. Ke4 Kb5 48. Kf3 Bg5 49. c4+ Kxb4 50. a6 1-0

[Event "*** Titled Tuesday Blitz"]
[Site "Chess.com"]
[Date "2021.02.09"]
[Round "5"]
[White "exoticprincess"]
[Black "Vanina1989"]
[Result "1-0"]
[WhiteElo "2849"]
[BlackElo "2712"]
[TimeControl "180+1"]
[EndTime "10:57:00 PST"]
[Termination "exoticprincess won by checkmate"]

1. d4 d5 2. Nc3 c6 3. Bf4 Bf5 4. f3 e6 5. e4 Bg6 6. a3 Be7 7. Qd2 Nf6 8. e5 Nfd7 9. Nge2 c5 10. dxc5 Nc6 11. Nd4 Ncxe5 12. Bxe5 Nxe5 13. Bb5+ Kf8 14. b4 b6 15. c6 a6 16. Be2 b5 17. f4 Nc4 18. Bxc4 dxc4 19. O-O Qb6 20. Kh1 Rd8 21. Rad1 Bf6 22. Nce2 Bh5 23. Qe3 Qc7 24. Nxe6+ fxe6 25. Rxd8+ Bxd8 26. Qc5+ Be7 27. Qxh5 Qxc6 28. Nd4 Qd5 29. f5 Bf6 30. Nxe6+ Ke7 31. h3 Rc8 32. Qxh7 Qe5 33. Nf4 Kd7 34. Qh5 Kc7 35. Qf3 Kb8 36. Ne6 Qb2 37. Nc5 a5 38. Qb7# 1-0

[Event "*** Titled Tuesday Blitz"]
[Site "Chess.com"]
[Date "2021.02.09"]
[Round "5"]
[White "KuzubovYuriy"]
[Black "maximnovik"]
[Result "1-0"]
[WhiteElo "2825"]
[BlackElo "2589"]
[TimeControl "180+1"]
[EndTime "10:57:00 PST"]
[Termination "KuzubovYuriy won by resignation"]

1. d4 Nf6 2. Nf3 g6 3. Nbd2 Bg7 4. e4 O-O 5. Bd3 d6 6. O-O c5 7. c3 cxd4 8. cxd4 Bg4 9. h3 Bxf3 10. Nxf3 Nc6 11.
Be3 Nd7 12. Be2 Rc8 13. Qd2 a6 14. Rac1 Qa5 15. Qxa5 Nxa5 16. b4 Nc6 17. b5 axb5 18. Bxb5 Nf6 19. Nd2 Nb4 20. Bc4 b5 21. Bb3 Nd7 22.
Nf3 Nb6 23. Bg5 Bf6 24. Bxf6 exf6 25. Rb1 Nd3 26. Rfd1 Rc3 27. Kf1 Re8 28. Ng1 Nf4 29. g3 Ne6 30. Ne2 Rc7 31. Bxe6 Rxe6 32. Rxb5 Nc4 33.
Nf4 Rxe4 34. Nd5 Rc8 35. Nxf6+ 1-0

[Event "*** Titled Tuesday Blitz"]
[Site "Chess.com"]
[Date "2021.02.09"]
[Round "5"]
[White "gross-aleks"]
[Black "alexrustemov"]
[Result "0-1"]
[WhiteElo "2564"]
[BlackElo "2759"]
[TimeControl "180+1"]
[EndTime "10:57:00 PST"]
[Termination "alexrustemov won by resignation"]

1. c4 c5 2. g3 g6 3. Bg2 Bg7 4. Nc3 Nc6 5. d3 b6 6. f4 Bb7 7. e4 d6 8. Be3 Nf6 9. g4 h5 10. g5 Nd7 11. Nf3 O-O 12. Qd2 a6 13. O-O b5 14. cxb5 axb5 15. Nxb5 Qb6 16. Nc3 Rfb8 17. b3 Ra3 18. Na4 Qb4 19. Rad1 Ba6 20.
Qc2 Qa5 21. Bd2 Nb4 22. Bxb4 Qxb4 23. Bh3 Bb5 24. Rf2 Bxa4 25. bxa4 Nb6 26. e5 Qxa4 27. exd6 Qxc2 28. Rxc2 exd6 29. f5 Nd5 30. f6 Bf8 31.
Re1 Rxd3 32. Bg2 Nf4 33. Nd2 d5 34. Nb3 c4 35. Na5 Bb4 36. Nc6 Bxe1 37. Nxb8 Rd1 38. Bf3 Ra1 39. Nd7 Bh4+ 0-1

[Event "*** Titled Tuesday Blitz"]
[Site "Chess.com"]
[Date "2021.02.09"]
[Round "5"]
[White "sara_khm"]
[Black "Gulkov_Igor"]
[Result "1-0"]
[WhiteElo "2702"]
[BlackElo "2501"]
[TimeControl "180+1"]
[EndTime "10:57:00 PST"]
[Termination "sara_khm won by resignation"]

1. d4 Nf6 2. c4 e6 3. Nf3 Bb4+ 4. Nbd2 b6 5. g3 Bb7 6. Bg2 O-O 7. O-O Bxd2 8.
Qxd2 d6 9. b3 Nbd7 10. Bb2 Qe7 11. Rac1 c5 12. Rfd1 Ne4 13. Qe3 f5 14. Nd2 Ndf6 15.
Nxe4 Nxe4 16. d5 exd5 17. cxd5 Rae8 18. Qf4 Qg5 19. Qxg5 Nxg5 20. e3 Ne4 21. Bf1 g6 22.
a4 a5 23. Bc4 Kf7 24. f3 Nf6 25. Kf2 Re7 26. Re1 Ra8 27. Rcd1 Rae8 28. Rd2 Nd7 29. h4 Ne5 30. Bb5 Rd8 31. e4 fxe4 32. Rxe4 Nd7 33.
Rf4+ Kg8 34. g4 Bc8 35. h5 Ne5 36. hxg6 Nxg6 37. Rf6 Rf7 38. Rxf7 Kxf7 39. Kg3 Bd7 40.
Bxd7 Rxd7 41. f4 Re7 42. f5 Ne5 43. Re2 Nd7 44. Re6 Nf6 45. Rxf6+ 1-0

[Event "*** Titled Tuesday Blitz"]
[Site "Chess.com"]
[Date "2021.02.09"]
[Round "5"]
[White "klimkoj"]
[Black "Rogarcia1"]
[Result "1-0"]
[WhiteElo "2553"]
[BlackElo "2277"]
[TimeControl "180+1"]
[EndTime "10:57:00 PST"]
[Termination "klimkoj won on time"]

1. e4 d5 2. exd5 Qxd5 3. Nc3 Qa5 4. d4 Nf6 5. Bd3 Bg4 6. Ne2 e6 7. O-O Nc6 8. Be3 Bb4 9. f3 Bf5 10. a3 Bxc3 11. Nxc3 Bxd3 12. Qxd3 O-O 13. d5 Ne7 14.
b4 Qa6 15. Qxa6 bxa6 16. dxe6 fxe6 17. Bc5 Rfe8 18. Rfe1 Ned5 19. Ne4 Nxe4 20. Rxe4 Kf7 21. Rae1 Nb6 22. Bd4 Rad8 23. Rg4 g6 24. Rf4+ Kg8 25. h4 Nd5 26. Rg4 Kf7 27. h5 Rd7 28. hxg6+ hxg6 29. Be5 c6 30. Kf2 1-0

[Event "*** Titled Tuesday Blitz"]
[Site "Chess.com"]
[Date "2021.02.09"]
[Round "5"]
[White "enriquetejedor"]
[Black "Gloomy_Wanderer"]
[Result "0-1"]
[WhiteElo "2538"]
[BlackElo "2731"]
[TimeControl "180+1"]
[EndTime "10:57:01 PST"]
[Termination "Gloomy_Wanderer won by checkmate"]

1. e4 c5 2. Nf3 a6 3. d4 cxd4 4. Nxd4 Nf6 5. Nc3 e5 6. Nf3 Bb4 7. Bd2 d6 8. Bd3 Nbd7 9. O-O Nc5 10. Re1 O-O 11. h3 h6 12. a3 Bxc3 13. Bxc3 Na4 14.
Qd2 Qc7 15. Bb4 Nxb2 16. Bf1 Rd8 17. c4 Na4 18. Rad1 Ne8 19. Nxe5 Bxh3 20. Nxf7 Qxf7 21. gxh3 Nf6 22. e5 dxe5 23. Qxd8+ Rxd8 24. Rxd8+ Kh7 25. Bd3+ e4 26. Bc2 Nb2 27. Rxe4 Qg6+ 28. Rg4 Qxc2 29. Rg3 Nd1 30. Rd2 Qb1 31. Kh2 Ne4 32. Re2 Nxg3 33. fxg3 Qd3 34. Rd2 Qf3 35. c5 Nf2 36. Kg1 Nxh3+ 37.
Kh2 Nf2 38. g4 Nxg4+ 39. Kg1 h5 40. Rg2 Qd1+ 41. Be1 Qxe1# 0-1

[Event "*** Titled Tuesday Blitz"]
[Site "Chess.com"]
[Date "2021.02.09"]
[Round "5"]
[White "noblerone"]
[Black "LEGENYA1998"]
[Result "1/2-1/2"]
[WhiteElo "2412"]
[BlackElo "2245"]
[TimeControl "180+1"]
[EndTime "10:57:01 PST"]
[Termination "Game drawn by repetition"]

1. d4 Nf6 2. Nf3 b6 3. Bg5 Ne4 4. Bh4 Bb7 5. Nbd2 d6 6. e3 g6 7. Bd3 Nxd2 8. Qxd2 Bg7 9. Qe2 O-O 10. O-O Nd7 11. c3 Re8 12. Bc4 Qc8 13. a4 a6 14.
Qc2 e5 15. Ng5 d5 16. Ba2 h6 17. Nf3 e4 18. Nd2 b5 19. f3 f5 20. fxe4 fxe4 21.
Nxe4 Kh7 22. Nf6+ Nxf6 23. Bxf6 Rxe3 24. Bxg7 Kxg7 25. Qf2 Qe8 26. Qf6+ Kg8 27. axb5 axb5 28. Kh1 Re6 29. Qf4 Kg7 30. h3 Qe7 31. Bb3 Rxa1 32. Rxa1 Re1+ 33. Rxe1 Qxe1+ 34. Kh2 Qe7 35. Kg3 g5 36. Qf3 Qd6+ 37. Kf2 Qf6 38. Bc2 Qxf3+ 39.
Kxf3 Kf6 40. g3 Bc8 41. h4 gxh4 42. gxh4 Bf5 43. Bb3 c6 44. Kf4 Bb1 45. Bd1 Bf5 46. Bh5 Bd7 47. Bf3 Be6 48. Bg4 Bxg4 49. Kxg4 Kg6 50. h5+ Kf6 51. Kf4 Ke6 52. Kg4 Kf6 53. Kf4 Ke6 54. Kg4 Kf6 1/2-1/2

[Event "*** Titled Tuesday Blitz"]
[Site "Chess.com"]
[Date "2021.02.09"]
[Round "5"]
[White "DenLaz"]
[Black "federicosellitti"]
[Result "0-1"]
[WhiteElo "2780"]
[BlackElo "2459"]
[TimeControl "180+1"]
[EndTime "10:57:02 PST"]
[Termination "federicosellitti won by checkmate"]

1. d4 d5 2. c4 Nc6 3. cxd5 Qxd5 4.
e3 e5 5. Nc3 Bb4 6. Bd2 Bxc3 7.
Bxc3 exd4 8. Ne2 Nf6 9. Nxd4 O-O 10. Qb3 Nxd4 11. Bxd4 Qg5 12. Rc1 Be6 13. Qxb7 Rab8 14. Qa6 Ne4 15. h4 Qg6 16. Qa5 c5 17.
Be5 Qf5 18. Bf4 Rxb2 19. Bd3 Rxa2 20. Qb5 Bd5 21. f3 Rxg2 22. fxe4 Bxe4 23. Rxc5 Qe6 24. Qc4 Bxd3 25. Qxd3 Qb6 26. Rc1 Rd8 27. Qc3 Qb5 28. Qc4 Qb2 29. Qd3 Qf2+ 30. Kd1 Rxd3# 0-1

[Event "*** Titled Tuesday Blitz"]
[Site "Chess.com"]
[Date "2021.02.09"]
[Round "5"]
[White "Tenamu"]
[Black "Ajedrez_con_German"]
[Result "1-0"]
[WhiteElo "2417"]
[BlackElo "2578"]
[TimeControl "180+1"]
[EndTime "10:57:03 PST"]
[Termination "Tenamu won on time"]

1. d4 g6 2. Nc3 Bg7 3. e4 d6 4.
f4 a6 5. Nf3 b5 6. Bd3 Bb7 7. O-O Nd7 8. Re1 c5 9. Be3 Ngf6 10. e5 Ng4 11. exd6 O-O 12. dxe7 Qxe7 13. Bf2 Qd6 14. dxc5 Nxc5 15. Bf1 Qxf4 16. Bg3 Qf5 17. Nh4 Qg5 18. Nf3 Qh5 19. h3 Nf6 20. Ne5 Qxd1 21. Raxd1 Nce4 22. Nxe4 Nxe4 23. Bh2 Rfd8 24. c3 Nc5 25.
Rd4 Rxd4 26. cxd4 Ne6 27. Rc1 Nxd4 28. Rc7 Be4 29. Nxf7 Rf8 30. Nd6 1-0

[Event "*** Titled Tuesday Blitz"]
[Site "Chess.com"]
[Date "2021.02.09"]
[Round "5"]
[White "Zmeeed63"]
[Black "PotapovaM"]
[Result "1-0"]
[WhiteElo "2427"]
[BlackElo "2625"]
[TimeControl "180+1"]
[EndTime "10:57:04 PST"]
[Termination "Zmeeed63 won by checkmate"]

1. d4 Nf6 2. c4 e6 3. Nc3 Bb4 4. f3 d5 5. a3 Be7 6. e4 dxe4 7. fxe4 c5 8. d5 exd5 9. exd5 O-O 10. Nf3 Re8 11.
Be2 Bd6 12. O-O Nbd7 13. Bd3 a6 14. Bg5 h6 15. Bh4 Qc7 16. Kh1 Ng4 17. h3 Ne3 18. Qe2 b5 19. Bf2 bxc4 20. Bxc4 Bf4 21. Nd1 Nxc4 22.
Qxe8+ Nf8 23. Qe4 Nb6 24. Nc3 Bd7 25. Bxc5 Re8 26. Bxb6 Qxb6 27. Qxf4 Ng6 28. Qd2 Rf8 29. Rae1 Qc7 30. d6 Qc8 31. Ne5 Nxe5 32. Rxe5 Be6 33.
Nd5 Kh8 34. Ne7 Qc4 35. Rf6 Qb3 36. Rxh6+ gxh6 37. Qxh6# 1-0

[Event "*** Titled Tuesday Blitz"]
[Site "Chess.com"]
[Date "2021.02.09"]
[Round "5"]
[White "MIJuanReyesRosa"]
[Black "jaramsdal"]
[Result "0-1"]
[WhiteElo "2106"]
[BlackElo "2304"]
[TimeControl "180+1"]
[EndTime "10:57:04 PST"]
[Termination "jaramsdal won on time"]

1. d4 Nf6 2. Nf3 e6 3. c4 d5 4. Nc3 c6 5. e3 Be7 6. Bd3 dxc4 7. Bxc4 b5 8. Bd3 a6 9. e4 c5 10. e5 Nd5 11. Ne4 cxd4 12. O-O Nc6 13. Bg5 f6 14. exf6 gxf6 15. Bh6 e5 16. Nh4 Be6 17.
Rc1 Qd7 18. Bg7 Rg8 19. Qh5+ Bf7 20. Qxh7 Nf4 21. Bxf6 Nxd3 22. Rxc6 Qxc6 23. Bxe7 Kxe7 24. Nf5+ Kf8 25. Nh6 Qg6 26. Qxg6 Rxg6 27. Nxf7 Kxf7 28. Rd1 Rc8 0-1

[Event "*** Titled Tuesday Blitz"]
[Site "Chess.com"]
[Date "2021.02.09"]
[Round "5"]
[White "kidagent"]
[Black "mjray79"]
[Result "1-0"]
[WhiteElo "2280"]
[BlackElo "2484"]
[TimeControl "180+1"]
[EndTime "10:57:05 PST"]
[Termination "kidagent won by checkmate"]

1. e4 e5 2. Nf3 Nc6 3. Bb5 a6 4. Ba4 Nf6 5. O-O b5 6. Bb3 Be7 7. Re1 d6 8. a4 Be6 9. Bxe6 fxe6 10.
axb5 axb5 11. Rxa8 Qxa8 12. c3 O-O 13. d4 exd4 14. cxd4 d5 15. exd5 exd5 16. Bg5 Qc8 17. Qb3 Qd7 18. Nc3 Rd8 19. Nxb5 Qg4 20. Nxc7 Bd6 21.
Bxf6 gxf6 22. Qxd5+ Kh8 23. Qxc6 Rg8 24. g3 Bxc7 25.
Qxf6+ Qg7 26. Qxg7+ Rxg7 27. Re8+ Rg8 28. Rxg8+ Kxg8 29. Kg2 Kf7 30. Ng5+ Kg6 31. Ne6 Bd6 32. g4 Kf6 33. d5 Ke5 34. f4+ Kxd5 35. f5 Be5 36. b3 Ke4 37. h4 h5 38. gxh5 Kxf5 39.
Nf8 Kg4 40. h6 Kh5 41. h7 Kh6 42. Kf3 Kg7 43. h8=Q+ Kxh8 44. Ng6+ Kg7 45. Nxe5 Kh6 46. Kg4 Kg7 47. b4 Kf6 48. Kf4 Ke6 49. h5 Kd5 50. h6 Kd4 51. h7 Kc3 52. h8=Q Kb2 53. Qc8 Kb1 54. Nd3 Ka2 55. Qc2+ Ka1 56. Qb2# 1-0

[Event "*** Titled Tuesday Blitz"]
[Site "Chess.com"]
[Date "2021.02.09"]
[Round "5"]
[White "rugbyclub"]
[Black "juancruzarias"]
[Result "0-1"]
[WhiteElo "2305"]
[BlackElo "2632"]
[TimeControl "180+1"]
[EndTime "10:57:07 PST"]
[Termination "juancruzarias won by checkmate"]

1. d4 e6 2. e4 d5 3. e5 c5 4. c3 Qb6 5. Nf3 Nc6 6. a3 Nh6 7. b4 cxd4 8. cxd4 Nf5 9. Bb2 Be7 10. Bd3 a5 11. b5 a4 12. Nc3 Na5 13. Nxa4 Qa7 14.
b6 Qb8 15. Bb5+ Bd7 16. Qd3 Bxb5 17. Qxb5+ Nc6 18. Rc1 O-O 19. Nc5 Ra5 20. Qb3 Bxc5 21. dxc5 d4 22. O-O Nxe5 23. Nxe5 Qxe5 24. Rfe1 Qf4 25. c6 bxc6 26. Rxc6 Raa8 27. b7 Rab8 28. a4 h5 29. a5 Qd2 30. Ra1 Ne7 31. Rc5 Nd5 32.
a6 Ne3 33. a7 Rxb7 34. Qxb7 Nd1 35. Bxd4 Qe1# 0-1

[Event "*** Titled Tuesday Blitz"]
[Site "Chess.com"]
[Date "2021.02.09"]
[Round "5"]
[White "vladgoncharov"]
[Black "yuki_chess123"]
[Result "1-0"]
[WhiteElo "2492"]
[BlackElo "2295"]
[TimeControl "180+1"]
[EndTime "10:57:07 PST"]
[Termination "vladgoncharov won on time"]

1. d4 g6 2. e4 Bg7 3. Nc3 c6 4. Nf3 d5 5. h3 f6 6. exd5 cxd5 7. Bb5+ Nc6 8. O-O Nh6 9. Re1 Nf7 10. Qe2 e6 11.
Na4 O-O 12. Nc5 e5 13. dxe5 fxe5 14. c4 e4 15. Nh2 Nd4 16. Qf1 Nxb5 17. cxb5 Qe7 18.
Nb3 Be5 19. Be3 Qd6 20. Ng4 Bxg4 21. hxg4 d4 22. Nxd4 Bxd4 23. Rad1 Bxe3 24. Rxd6 Bxf2+ 25. Qxf2 Nxd6 26. Qd4 Rad8 27. a4 b6 28. Qd5+ Kg7 29.
Rc1 Rf7 30. Qe5+ Kg8 31. Rd1 Rfd7 32. Qe6+ Kg7 33. g5 1-0

[Event "*** Titled Tuesday Blitz"]
[Site "Chess.com"]
[Date "2021.02.09"]
[Round "5"]
[White "azikom"]
[Black "J36225"]
[Result "1-0"]
[WhiteElo "2655"]
[BlackElo "2477"]
[TimeControl "180+1"]
[EndTime "10:57:09 PST"]
[Termination "azikom won by resignation"]

1. d4 Nf6 2. Nf3 e6 3. Bg5 b6 4. e3 Bb7 5. c4 Be7 6. Nc3 d5 7. Qa4+ Nbd7 8. cxd5 Nxd5 9. Bxe7 Qxe7 10. Nxd5 Bxd5 11. Rc1 c6 12. Bd3 b5 13. Qa5 Bxf3 14. gxf3 O-O 15. Rxc6 e5 16. d5 Nc5 17.
Be2 Rac8 18. Qxb5 e4 19. f4 a6 20. Qc4 Rxc6 21. dxc6 Rc8 22. b4 Nd3+ 23. Bxd3 exd3 24.
Kd2 Qd6 25. Rc1 a5 26. b5 Qa3 27. Qxd3 Qxa2+ 28. Rc2 Qb1 29. c7 Qb4+ 30. Ke2 Qe7 31. b6 h5 32. b7 Rxc7 33. b8=Q+ 1-0

[Event "*** Titled Tuesday Blitz"]
[Site "Chess.com"]
[Date "2021.02.09"]
[Round "5"]
[White "Kapibara_Warri0r"]
[Black "boasovietica"]
[Result "1-0"]
[WhiteElo "2207"]
[BlackElo "2454"]
[TimeControl "180+1"]
[EndTime "10:57:09 PST"]
[Termination "Kapibara_Warri0r won by checkmate"]

1. d4 Nf6 2. Bf4 g6 3. e3 Bg7 4. Nf3 O-O 5. h3 d6 6. Be2 b6 7.
Bh2 Bb7 8. O-O Nbd7 9. c4 Ne4 10.
Nbd2 Ndf6 11. a4 a5 12. Qb1 Re8 13. Bd3 Nxd2 14. Nxd2 e5 15. d5 Nd7 16. e4 Nc5 17.
Bc2 Bc8 18. Nb3 Bd7 19. Nxc5 bxc5 20. Ra3 Rb8 21. Rb3 Rxb3 22. Bxb3 Qb8 23. Bd1 Qb4 24. b3 f5 25. exf5 Bxf5 26. Bc2 Rf8 27. Kh1 Qd2 28.
Bxf5 Rxf5 29. Bg3 Rf8 30. f3 Bh6 31. Be1 Qe2 32. Bxa5 Rb8 33. Bxc7 Rxb3 34. Qd1 Qxc4 35. Bxd6 Rd3 36. Qe2 Qxd5 37. Bxc5 Rd2 38. Qb5 Bf4 39. Qe8+ Kg7 40. Qf8# 1-0

[Event "*** Titled Tuesday Blitz"]
[Site "Chess.com"]
[Date "2021.02.09"]
[Round "5"]
[White "Das_Virus_2020"]
[Black "kirillshevchenko"]
[Result "0-1"]
[WhiteElo "2444"]
[BlackElo "2803"]
[TimeControl "180+1"]
[EndTime "10:57:10 PST"]
[Termination "kirillshevchenko won by resignation"]

1. e4 c5 2. c3 d5 3. exd5 Qxd5 4. d4 Nc6 5. Nf3 Bf5 6. Nbd2 Qe6+ 7. Be2 cxd4 8. cxd4 Bd3 9. Nb3 Qxe2+ 10. Qxe2 Bxe2 11. Kxe2 Nf6 12. Ne5 Rc8 13. Bg5 Nd5 14. Rac1 f6 15.
Nxc6 Rxc6 16. Rxc6 bxc6 17. Be3 e6 18. Rc1 Kd7 19. Na5 Nxe3 20. fxe3 Bb4 21. Nb3 Rb8 22. Rc2 Rb5 23. Kd3 Bd6 24. Nd2 Bxh2 25. Ne4 Bd6 26. b3 Rf5 27. a4 h5 28. Nc5+ Bxc5 29. dxc5 Rd5+ 30. Kc4 Rg5 31. b4 Rg4+ 32. Kb3 Rg3 33. Rc3 a6 34. Kc4 Rg4+ 35. Kb3 Rxg2 36. b5 cxb5 37. axb5 axb5 38. Kb4 Kc6 39. Rd3 Rb2+ 40. Kc3 Rb1 41. Rd6+ Kxc5 42. Rxe6 h4 0-1

[Event "*** Titled Tuesday Blitz"]
[Site "Chess.com"]
[Date "2021.02.09"]
[Round "5"]
[White "Mihnea2017"]
[Black "Marty435"]
[Result "0-1"]
[WhiteElo "2397"]
[BlackElo "2590"]
[TimeControl "180+1"]
[EndTime "10:57:10 PST"]
[Termination "Marty435 won by resignation"]

1. e4 e6 2. d4 d5 3. Nd2 c5 4.
exd5 Qxd5 5. Ngf3 cxd4 6. Bc4 Qd6 7. O-O Nf6 8. Nb3 Nc6 9. Nbxd4 Nxd4 10. Nxd4 Be7 11.
Re1 O-O 12. c3 a6 13. Qf3 Qc7 14. Bb3 Bd7 15. Bf4 Bd6 16. Bxd6 Qxd6 17. Rad1 Qc7 18.
h3 Rad8 19. Qe3 Rfe8 20. Nf3 Bc6 21. Ne5 Be4 22. Qg3 Rxd1 23. Rxd1 Rd8 24. Re1 Qc5 25. Kh2 h6 26. f3 Nh5 27. Qh4 Qxe5+ 28. Kh1 Rd2 29.
fxe4 Ng3+ 30. Kg1 g5 31. Qxh6 Qf4 0-1

[Event "*** Titled Tuesday Blitz"]
[Site "Chess.com"]
[Date "2021.02.09"]
[Round "5"]
[White "vovachesss"]
[Black "csati17"]
[Result "0-1"]
[WhiteElo "2738"]
[BlackElo "2578"]
[TimeControl "180+1"]
[EndTime "10:57:12 PST"]
[Termination "csati17 won by checkmate"]

1. d4 Nf6 2. Bf4 g6 3. e3 Bg7 4. Nf3 O-O 5. h3 d6 6. Be2 Nbd7 7. O-O Re8 8. c3 c6 9. Nbd2 Qc7 10. a4 e5 11. dxe5 dxe5 12. Bh2 Nd5 13. Nc4 f5 14.
Qc2 Nc5 15. Nfd2 Qe7 16. e4 fxe4 17. Nxe4 Bf5 18. Ncd2 Nf6 19. Bc4+ Kh8 20. f3 Ncxe4 21. fxe4 Qc5+ 22. Kh1 Nxe4 23. Nxe4 Qxc4 24. Rae1 Rf8 25.
Rf3 Be6 26. Ng5 Bd5 27. Rxf8+ Rxf8 28. Qd2 Rf1+ 29. Bg1 h6 30. Nf3 Bxf3 31. gxf3 Rxf3 32. Kg2 Rd3 33. Qe2 Qd5+ 34. Kf1 Rxh3 35. Rd1 Qf3+ 36.
Bf2 Rh1# 0-1

[Event "*** Titled Tuesday Blitz"]
[Site "Chess.com"]
[Date "2021.02.09"]
[Round "5"]
[White "LilRag"]
[Black "K_A_S_T_O_R"]
[Result "1-0"]
[WhiteElo "2597"]
[BlackElo "2795"]
[TimeControl "180+1"]
[EndTime "10:57:13 PST"]
[Termination "LilRag won by checkmate"]

1. Nf3 c5 2. e4 d6 3. d4 cxd4 4. Nxd4 Nf6 5. Nc3 a6 6. Be2 e6 7.
O-O Be7 8. Be3 Qc7 9. a4 b6 10. f4 Bb7 11. Bf3 Nbd7 12. f5 e5 13. Nde2 Rc8 14. g4 h6 15. h4 Nh7 16. Qe1 Qd8 17. Bf2 O-O 18. Rd1 Bc6 19. Kg2 b5 20. axb5 axb5 21.
Rd2 Ra8 22. Nc1 b4 23. Nd1 Qc7 24. Nd3 Rfb8 25. b3 Qb7 26. Re2 Ra1 27. Qd2 Ndf6 28. Rfe1 d5 29. exd5 Bxd5 30. Nxe5 Bxf3+ 31. Nxf3 Bf8 32.
g5 Ng4 33. Re4 Nxf2 34. Nxf2 Rxe1 35. Rxe1 hxg5 36. hxg5 Be7 37. Re4 Bc5 38. Qe2 Qc6 39. Nd3 Bd6 40. Nd4 Qd5 41. Nf3 Kf8 42. Rd4 Qc6 43.
Qe4 Qxc2+ 44. Nf2 Rc8 45. Rxd6 Qc5 46. Qd4 Qxf5 47. Rd8+ Ke7 48. Qd6# 1-0